 Seeded DCSS version 0.29.1-15-g9cfb28693d (webtiles) character file.

Game seed: 13097244426000423620 (custom seed)

28007 Giavanni the Grappler (level 13, -3/130 HPs)
             Began as a Troll Fighter on Mar 31, 2023.
             Was an Elder of Jiyva.
             Killed by divine providence
             ... invoked by a meliai
              (11 damage)
             ... on level 14 of the Dungeon.
             The game lasted 00:13:28 (10759 turns).

Giavanni the Grappler (Troll Fighter)              Turns: 10759, Time: 00:13:29

Health: -3/130     AC: 17    Str: 28    XL:     13   Next: 7%
Magic:  11/12      EV:  3    Int: 11    God:    Jiyva [****..]
Gold:   386        SH: 15    Dex: 11    Spells: 12/12 levels left

rFire   + + +      SeeInvis .     - Unarmed
rCold   + . .      Faith    .   y - +0 tower shield
rNeg    . . .      Spirit   .   v - +9 scales of the Dragon King {rPois rF+ rC+ Will+}
rPois   +          Reflect  .   (helmet restricted)
rElec   .          Harm     .   (no cloak)
rCorr   +          Rampage  .   (gloves unavailable)
Will    +....                   (boots unavailable)
Stlth   ..........              (no amulet)
HPRegen 2.39/turn               (no ring)
MPRegen 0.53/turn               (no ring)

@: calling ooze, hasted, very quick
A: large, unfitting armour, claws 3, regeneration 1, shaggy fur 1, tough skin 1,
agile 1, clever 2, fire resistance 2, pseudopods 1, translucent skin 3, jelly
absorbing missiles, MP-powered wands, sturdy frame 1
a: Renounce Religion, Oozemancy, Slimify


You were on level 14 of the Dungeon.
You worshipped Jiyva.
Jiyva was greatly pleased with you.
You visited 1 branch of the dungeon, and saw 14 of its levels.
You also visited: Sewer.

You collected 386 gold pieces.

Inventory:

Missiles
 j - a throwing net (quivered)
Armour
 a - a +0 robe
 b - a +0 kite shield
 v - the +9 scales of the Dragon King (worn) {rPois rF+ rC+ Will+}
   (You found it on level 3 of the Dungeon)

   rF:        It protects you from fire.
   rC:        It protects you from cold.
   rPois:     It protects you from poison.
   Will:      It increases your willpower.
 y - a +0 tower shield (worn)
Jewellery
 l - a ring of ice
 p - a ring of poison resistance
 x - an amulet of guardian spirit
 D - a +4 ring of slaying
 G - a ring of wizardry
Wands
 C - a wand of polymorph (8)
 F - a wand of roots (13)
 J - a wand of flame (10)
 K - a wand of mindburst (10)
Scrolls
 c - 2 scrolls of fear {unknown}
 f - 5 scrolls of fog {unknown}
 g - a scroll of blinking {unknown}
 h - 8 scrolls of identify {unknown}
 i - 4 scrolls of enchant armour {unknown}
 k - 3 scrolls of amnesia {unknown}
 n - 2 scrolls of silence {unknown}
 u - a scroll of vulnerability {unknown}
 w - a scroll of enchant weapon {unknown}
 A - 4 scrolls of teleportation {unknown}
 B - a scroll of poison {unknown}
 E - a scroll of noise {unknown}
 H - a scroll of torment {unknown}
 I - 2 scrolls of brand weapon {unknown}
Potions
 d - 2 potions of degeneration {unknown}
 e - a potion of resistance {unknown}
 m - 8 potions of curing {unknown}
 o - 4 potions of brilliance {unknown}
 q - 3 potions of mutation {unknown}
 r - 4 potions of heal wounds {unknown}
 s - 3 potions of haste
 t - 2 potions of cancellation {unknown}
 z - 2 potions of flight {unknown}
 L - 2 potions of lignification {unknown}


   Skills:
 + Level 8.9 Fighting
 + Level 8.9 Dodging
 + Level 9.7 Shields
 * Level 14.3 Unarmed Combat


You had 12 spell levels left.
You didn't know any spells.
Your spell library contained the following spells:

 Spells                   Type           Power      Damage    Failure   Level
 Apportation              Tloc           0%         N/A       100%        1
 Necrotise                Necr           0%         1d4       100%        1
 Summon Small Mammal      Summ           0%         N/A       100%        1
 Sublimation of Blood     Necr           0%         N/A       100%        2
 Wereblood                Tmut           0%         N/A       100%        2
 Call Canine Familiar     Summ           0%         N/A       100%        3
 Portal Projectile        Hex/Tloc       0%         N/A       100%        3
 Summon Guardian Golem    Hex/Summ       0%         N/A       100%        3
 Leda's Liquefaction      Hex/Erth       0%         N/A       100%        4
 Summon Hydra             Summ           0%         N/A       100%        7


Dungeon Overview and Level Annotations

Branches:
Dungeon (14/15)            Temple (0/1) D:7            Lair (0/5) D:8
    Orc (0/2) D:12         Vaults (0/5) D:13          Sewer (visited)

Altars:
Hepliaklqana
Okawaru
Qazlal
Ru
Uskayaw
Yredelemnul
The Shining One

Shops:
D:12 [(

Annotations:
D:9 3 runed translucent doors


Innate Abilities, Weirdness & Mutations

You are too large for most types of armour.
You have claws for hands.
Your natural rate of healing is unusually fast.
You are covered in fur. (AC +1)
You have tough skin. (AC +1)
You are agile. (Dex +4, Str/Int -1)
Your mind is very acute. (Int +8, Str/Dex -2)
Your flesh is very heat resistant. (rF++)
Armour fits poorly on your pseudopods.
Your transparent skin significantly reduces your foes' accuracy. (Stealth+)
You have a small jelly attached to you that may absorb projectiles.
You expend magic power (3 MP) to strengthen your wands.
Your movements are slightly less encumbered by armour. (ER -2)


Message History

The walls burn the centaur!
The centaur hits you but does no damage.
You block the centaur's attack.
The walls burn the meliai!
The walls burn the centaur!
The centaur hits you but does no damage.
The centaur kicks you but does no damage.
The centaur shoots an arrow.
The arrow hits you but does no damage.
Unknown command.
Unknown command.
You barely miss the centaur.
You bludgeon the centaur, but do no damage.
The centaur is moderately wounded.
The meliai hits you but does no damage.
The meliai stings you but does no damage.
You block the meliai's attack. The meliai stings you.
* * * LOW HITPOINT WARNING * * *
The walls burn the meliai!
You block the centaur's attack. The centaur barely misses you.
The walls burn the centaur!
The centaur barely misses you. The centaur completely misses you.
The walls burn the centaur!
The centaur hits you.
* * * LOW HITPOINT WARNING * * *
The centaur kicks you but does no damage.
The meliai invokes the aid of its god against you.
Something smites you!
* * * LOW HITPOINT WARNING * * *
The meliai barely misses you.
The meliai stings you but does no damage.
The meliai hits you with a +0 war axe.
* * * LOW HITPOINT WARNING * * *
The meliai stings you.
* * * LOW HITPOINT WARNING * * *
You block the centaur's attack. x2; The walls burn the centaur!
You kill the centaur!
Unknown command.
Unknown command.
It was a potion of haste.
You feel yourself speed up. You block the meliai's attack. x2
The meliai mumbles some strange prayers to its god against you.
Something smites you!
You die...

##############.....
#..>.........#...####
.............#.......
8.8...####...'...#
......# #...#...##
....8.# #...#....#
......# #...#....#
....8.# #...#.y..#
......# #...#.c@c#
8.8.... ....#.yy)#
....... .....#..c.#
....... #....#
####+### #....#
........ #..###
........ #.. ........
'.. ........


You could see 3 meliai and 3 centaurs.

Vanquished Creatures
  Kirke (D:12)
  2 vault guards (D:13)
  A boulder beetle (D:13)
  A two-headed ogre (D:11)
  10 centaur warriors
  A catoblepas (D:14)
  A tengu warrior (D:13)
  A deep elf pyromancer (D:12)
  A cyclops (D:10)
  2 manticores (D:13)
  11 centaur zombies (D:13)
  An ice statue (D:9)
  2 gargoyles
  A redback zombie (D:13)
  3 trolls
  A hornet (D:10)
  A meliai zombie (D:13)
  A vampire (D:11)
  10 humans (D:13)
  Sigmund (D:2)
  A shadow (D:11)
  4 wraiths
  2 wyverns (D:9)
  8 yaks
  9 vampire mosquitoes
  4 basilisks
  3 acid dragons
  2 sky beasts
  7 orc warriors
  3 black bears
  2 ice beasts
  An ogre (D:4)
  9 centaurs
  2 phantoms
  2 bullfrogs
  4 kobold brigands
  A scorpion (D:4)
  10 wights
  5 killer bees (D:9)
  A howler monkey (D:12)
  3 jellies (Sewer)
  2 hounds
  7 orc priests
  Crazy Yiuf (D:5)
  2 iguanas (D:7)
  A boggart zombie (D:13)
  Terence (D:2)
  10 orc wizards
  Robin (D:2)
  9 adders
  A river rat (Sewer)
  2 shadow imps (D:7)
  2 ufetubi (D:5)
  A worm (D:5)
  A dart slug (D:2)
  42 orcs
  7 ball pythons
  8 endoplasms
  8 giant cockroaches
  13 goblins
  10 hobgoblins
  14 kobolds
  2 quokkas
  5 bats
  5 frilled lizards
  10 rats
301 creatures vanquished.

Vanquished Creatures (others)
  Louise (D:14)
  A hydra (D:12)
  A boulder beetle (D:12)
  A centaur warrior (D:13)
  A deep elf pyromancer (D:13)
  4 slime creatures
  2 yaks (D:8)
  A shadow (D:12)
  2 hogs (D:12)
  A vampire (D:14)
  2 vampire mosquitoes (D:12)
  2 black bears
  3 centaurs (D:14)
  An ogre (D:5)
  A bullfrog (D:9)
  A wight (D:6)
  2 howler monkeys
  33 jellies
  An orc priest (D:3)
  A hound (D:5)
  An orc wizard (D:9)
  4 adders
  A white imp (D:6)
  A dart slug (D:5)
  6 orcs
  3 endoplasms
  3 hobgoblins
  A goblin (D:4)
  8 kobolds
90 creatures vanquished.

Grand Total: 391 creatures vanquished

Notes
Turn   | Place    | Note
-------+----------+-------------------------------------------
     0 | D:1      | Giavanni the Troll Fighter began the quest for the Orb.
     0 | D:1      | Reached XP level 1. HP: 22/22 MP: 0/0
   116 | D:1      | Reached XP level 2. HP: 29/29 MP: 1/1
   744 | D:2      | Noticed Sigmund
   754 | D:2      | Killed Sigmund
   755 | D:2      | Reached skill level 3 in Unarmed Combat
   755 | D:2      | Reached XP level 3. HP: 25/37 MP: 2/2
   755 | D:2      | Reached XP level 4. HP: 31/45 MP: 3/3
   755 | D:2      | Reached XP level 5. HP: 36/53 MP: 4/4
   868 | D:2      | Noticed Robin
   917 | D:2      | Noticed Terence
   921 | D:2      | Killed Terence
   961 | D:2      | Killed Robin
   962 | D:2      | Reached skill level 4 in Unarmed Combat
  1556 | D:3      | Reached XP level 6. HP: 61/61 MP: 5/5
  1635 | D:3      | Found a glowing drain.
  1650 | Sewer    | Entered a sewer
  1808 | Sewer    | Found a viscous altar of Jiyva.
  1874 | Sewer    | Became a worshipper of Jiyva Johyc the Shapeless
  2278 | D:3      | Found the +9 scales of the Dragon King {rPois rF+ rC+
                  | Will+}
  2545 | D:4      | Reached skill level 5 in Unarmed Combat
  2545 | D:4      | Reached XP level 7. HP: 68/68 MP: 6/6
  2554 | D:4      | Reached * piety under Jiyva
  3122 | D:4      | Found an iron altar of Okawaru.
  3147 | D:5      | Entered Level 5 of the Dungeon
  3286 | D:5      | Reached skill level 6 in Unarmed Combat
  3384 | D:5      | Found a stormy altar of Qazlal.
  3460 | D:5      | Reached XP level 8. HP: 78/78 MP: 7/7
  3466 | D:5      | Reached ** piety under Jiyva
  3692 | D:5      | Found a runed translucent door.
  3693 | D:5      | Noticed Crazy Yiuf
  3797 | D:5      | Killed Crazy Yiuf
  4390 | D:6      | Reached skill level 5 in Shields
  4607 | D:6      | Reached skill level 7 in Unarmed Combat
  4799 | D:6      | Reached *** piety under Jiyva
  4818 | D:6      | Found a hazy altar of Hepliaklqana.
  5027 | D:7      | Gained mutation: You are covered in slimy tendrils that may
                  | disarm your opponents. [Jiyva's grace]
  5027 | D:7      | Gained mutation: You have hidden genetic potential.
                  | [Jiyva's grace]
  5027 | D:7      | Gained mutation: You have great hidden genetic potential.
                  | [Jiyva's grace]
  5027 | D:7      | Gained mutation: Armour fits poorly on your pseudopods.
                  | [Jiyva's grace]
  5149 | D:7      | Found a staircase to the Ecumenical Temple.
  5166 | D:7      | Reached skill level 5 in Dodging
  5166 | D:7      | Reached XP level 9. HP: 80/87 MP: 8/8
  5216 | D:7      | Reached skill level 5 in Fighting
  5412 | D:7      | Found a sacrificial altar of Ru.
  5439 | D:7      | Reached **** piety under Jiyva
  5502 | D:7      | Reached skill level 8 in Unarmed Combat
  5708 | D:7      | Found a glowing golden altar of the Shining One.
  5971 | D:8      | Noticed an elephant
  5983 | D:8      | Slimified an elephant
  5983 | D:8      | an elephant changed into a slime creature
  5994 | D:8      | Reached skill level 9 in Unarmed Combat
  6017 | D:8      | Found a staircase to the Lair.
  6369 | D:9      | Lost mutation: You have great hidden genetic potential.
                  | [Jiyva's grace]
  6369 | D:9      | Gained mutation: You expend magic power (3 MP) to
                  | strengthen your wands. [Jiyva's grace]
  6369 | D:9      | Gained mutation: Your translucent skin slightly reduces
                  | your foes' accuracy. (Stealth+) [Jiyva's grace]
  6369 | D:9      | Gained mutation: Your translucent skin reduces your foes'
                  | accuracy. (Stealth+) [Jiyva's grace]
  6369 | D:9      | Gained mutation: Your transparent skin significantly
                  | reduces your foes' accuracy. (Stealth+) [Jiyva's grace]
  6526 | D:9      | Noticed a boulder beetle
  6530 | D:9      | Slimified a boulder beetle
  6530 | D:9      | a boulder beetle changed into a slime creature
  6559 | D:9      | Reached XP level 10. HP: 71/98 MP: 9/9
  6723 | D:9      | Found a runed translucent door.
  6736 | D:9      | Found a runed translucent door.
  6748 | D:9      | Found a runed translucent door.
  6777 | D:9      | Found a runed translucent door.
  7031 | D:9      | Noticed an ice statue
  7045 | D:9      | Killed an ice statue
  7226 | D:10     | Entered Level 10 of the Dungeon
  7337 | D:10     | Reached skill level 10 in Unarmed Combat
  7356 | D:10     | Gained mutation: Your flesh is cold resistant. (rC+)
                  | [hidden potential]
  7748 | D:10     | Noticed a cyclops
  7756 | D:10     | Killed a cyclops
  7891 | D:11     | Reached ***** piety under Jiyva
  7942 | D:11     | Noticed a two-headed ogre
  7956 | D:11     | Killed a two-headed ogre
  8197 | D:11     | Noticed a gargoyle
  8202 | D:11     | Killed a gargoyle
  8247 | D:11     | Reached skill level 11 in Unarmed Combat
  8326 | D:11     | Reached XP level 11. HP: 103/107 MP: 10/10
  8555 | D:12     | Lost mutation: Armour fits poorly on your pseudopods.
                  | [Jiyva's grace]
  8555 | D:12     | Lost mutation: You are covered in slimy tendrils that may
                  | disarm your opponents. [Jiyva's grace]
  8555 | D:12     | Gained mutation: You have a small jelly attached to you
                  | that may absorb projectiles. [Jiyva's grace]
  8555 | D:12     | Gained mutation: You are agile. (Dex +4, Str/Int -1)
                  | [Jiyva's grace]
  8555 | D:12     | Gained mutation: You are very agile. (Dex +8, Str/Int -2)
                  | [Jiyva's grace]
  8555 | D:12     | Gained mutation: Armour fits poorly on your pseudopods.
                  | [Jiyva's grace]
  8562 | D:12     | Noticed a four-headed hydra
  8566 | D:12     | Slimified a four-headed hydra
  8566 | D:12     | Noticed an azure jelly
  8566 | D:12     | a four-headed hydra changed into an azure jelly
  8654 | D:12     | Noticed a centaur warrior
  8666 | D:12     | Killed a centaur warrior
  8759 | D:12     | Killed an eight-headed hydra
  8767 | D:12     | Found Joufit Pogee's Armour Boutique.
  8770 | D:12     | Found a staircase to the Orcish Mines.
  8772 | D:12     | Found Kyafeu Pysa's Weapon Boutique.
  8772 | D:12     | Noticed an orc knight
  8780 | D:12     | Slimified an orc knight
  8780 | D:12     | an orc knight changed into a slime creature
  8998 | D:12     | Noticed a deep elf pyromancer
  9016 | D:12     | Killed a deep elf pyromancer
  9186 | D:12     | Noticed a boulder beetle
  9227 | D:12     | Noticed Kirke
  9241 | D:12     | Killed Kirke
  9262 | D:12     | Killed a boulder beetle
  9263 | D:12     | Reached skill level 12 in Unarmed Combat
  9446 | D:13     | Noticed a centaur warrior
  9446 | D:13     | Noticed a two-headed ogre
  9453 | D:13     | Slimified a two-headed ogre
  9453 | D:13     | a two-headed ogre changed into a slime creature
  9458 | D:13     | Noticed a centaur warrior
  9463 | D:13     | Killed a centaur warrior
  9468 | D:13     | Killed a centaur warrior
  9505 | D:13     | Killed a deep elf pyromancer
  9527 | D:13     | Noticed a centaur warrior
  9535 | D:13     | Killed a centaur warrior
  9552 | D:13     | Killed a centaur warrior
  9560 | D:13     | Noticed a centaur warrior
  9561 | D:13     | Reached XP level 12. HP: 106/119 MP: 11/11
  9564 | D:13     | Killed a centaur warrior
  9567 | D:13     | Noticed a boulder beetle
  9590 | D:13     | Killed a boulder beetle
  9666 | D:13     | Noticed a centaur warrior
  9675 | D:13     | Killed a centaur warrior
  9676 | D:13     | Gained mutation: Your movements are slightly less
                  | encumbered by armour. (ER -2) [hidden potential]
  9676 | D:13     | Lost mutation: You have hidden genetic potential. [hidden
                  | potential expressed]
  9695 | D:13     | Reached skill level 13 in Unarmed Combat
  9773 | D:13     | Noticed a vault guard
  9788 | D:13     | Killed a vault guard
  9855 | D:13     | Noticed a vault guard
  9895 | D:13     | Killed a vault guard
  9934 | D:13     | Found a gate to the Vaults.
 10010 | D:13     | Noticed a tengu warrior
 10012 | D:13     | Noticed a centaur warrior
 10021 | D:13     | Killed a centaur warrior
 10032 | D:13     | Killed a tengu warrior
 10129 | D:13     | Reached skill level 14 in Unarmed Combat
 10136 | D:13     | Found a basalt altar of Yredelemnul.
 10215 | D:13     | Lost mutation: You are very agile. (Dex +8, Str/Int -2)
                  | [Jiyva's grace]
 10215 | D:13     | Lost mutation: Your flesh is cold resistant. (rC+) [Jiyva's
                  | grace]
 10215 | D:13     | Gained mutation: Your mind is acute. (Int +4, Str/Dex -1)
                  | [Jiyva's grace]
 10215 | D:13     | Gained mutation: Your mind is very acute. (Int +8, Str/Dex
                  | -2) [Jiyva's grace]
 10215 | D:13     | Gained mutation: Your flesh is heat resistant. (rF+)
                  | [Jiyva's grace]
 10215 | D:13     | Gained mutation: Your flesh is very heat resistant. (rF++)
                  | [Jiyva's grace]
 10381 | D:14     | Noticed Agnes
 10382 | D:14     | Noticed a centaur warrior
 10383 | D:14     | Noticed a centaur warrior
 10387 | D:14     | Slimified Agnes
 10387 | D:14     | Noticed Agnes
 10387 | D:14     | Agnes changed into Agnes the azure jelly
 10392 | D:14     | Noticed Louise
 10394 | D:14     | Killed a centaur warrior
 10405 | D:14     | Killed Louise
 10558 | D:14     | Killed a centaur warrior
 10566 | D:14     | Reached XP level 13. HP: 104/130 MP: 12/12
 10717 | D:14     | Found a hide-covered altar of Uskayaw.
 10758 | D:14     | HP: 6/130 [meliai/+0 war axe (5)]
 10759 | D:14     | Killed from afar by a meliai

Illustrated notes

Levels and vault maps discovered:
D:1:      lightli_arrival_chessboard, layout_basic, grunt_decor_resistance
D:2:      minmay_chambers_of_ones, layout_loops_ring, uniq_sigmund, uniq_robin,
          uniq_terence
D:3:      layout_loops_cross, portal_sewer_entry_a
D:4:      layout_loops_ring, lemuel_coloured_pillars_altar
D:5:      layout_basic, nicolae_qazlal_eye_of_the_storm, uniq_crazy_yiuf_cottage
D:6:      layout_basic, lemuel_doored_altar
D:7:      layout_basic, tso_altar, mainiacjoe_overflow_boulevard,
          minmay_temple_entry_slanted, minmay_misc_feat_tower,
          grunt_ministairs_9
D:8:      layout_cave_pools, david_lair_generic
D:9:      layout_basic, minmay_statue_crystal_thing
D:10:     layout_gridville
D:11:     layout_roguey, serial_bayou_lagoon_a
D:12:     layout_stronghold, orc_david_3, drop_trap, uniq_kirke
D:13:     minmay_inner_zag, layout_rooms, ximxim_vaults_locker_room,
          interstate_on_off, nicolae_yredelemnul_corpse_copse
D:14:     layout_irregular_city, minivault_1, nicolae_uskayaw_dance_hall,
          uniq_agnes, uniq_louise

Skill      XL: |  1  2  3  4  5  6  7  8  9 10 11 12 |
---------------+-------------------------------------+-----
Fighting       | 3 4 5 6 7 8 |  8.9
Dodging        | 3 4 5 6 7 8 |  8.9
Shields        | 3 4 5 6 7 8 9 |  9.7
Unarmed Combat | 3 4 5 6 7 9 11 12 14 | 14.3

Action                   |  1- 3 |  4- 6 |  7- 9 | 10-12 | 13-15 || total
-------------------------+-------+-------+-------+-------+-------++-------
Melee: Unarmed           |    32 |   172 |   375 |   531 |    12 ||  1122
       Pseudopods        |       |       |    24 |   131 |     7 ||   162
Invok: Slimify           |       |       |     2 |     4 |       ||     6
       Oozemancy         |       |       |       |       |     1 ||     1
  Use: Potion            |     1 |       |       |       |     1 ||     2
Armor: Robe              |    10 |    41 |       |       |       ||    51
       Gold dragon scale |       |    22 |   309 |   501 |    42 ||   874
Dodge: Dodged            |     9 |    52 |    19 |   112 |     9 ||   201
Block: Kite shield       |     6 |    52 |    98 |       |       ||   156
       Tower shield      |       |       |   109 |   620 |    29 ||   758
